 Dungeon Crawl Stone Soup version 0.19-a0-1895-g783e625 (webtiles) character file.

1326 inmateoo the Ruffian (level 8, -7/70 (71) HPs)
             Began as a Ghoul Monk on Oct 18, 2016.
             Mangled by a centaur
             ... wielding a cursed -3 shortbow
              (9 damage)
             ... on level 6 of the Dungeon.
             The game lasted 00:08:53 (4278 turns).

inmateoo the Ruffian (Ghoul Monk)                   Turns: 4278, Time: 00:08:54

HP:   -7/70 (71)    AC:  6    Str: 17      XL:     8   Next: 60%
MP:   7/7           EV: 14    Int:  5      God:
Gold: 286           SH:  0    Dex: 10 (11) Spells: 0 memorised, 7 levels left

rFire  + . .     SeeInvis .       - Unarmed
rCold  + . .     Gourm    .     m - +2 robe {rF+}
rNeg   + + +     Faith    .     (no shield)
rPois  ∞         Spirit   .     (no helmet)
rElec  .         Reflect  .     h - +1 cloak
rCorr  .         Harm     .     (no gloves)
MR     .....                    (no boots)
Stlth  ++........               (no amulet)
                                (no ring)
                                (no ring)

@: rotting
A: rotting body, claws 1, carnivore 3, cold resistance 1, negative energy
resistance 3, slow regeneration 1, torment resistance, unbreathing
a: no special abilities


You were on level 6 of the Dungeon.
You were not hungry.

You visited 1 branch of the dungeon, and saw 6 of its levels.

You collected 286 gold pieces.

Inventory:

Armour
 h - a +1 cloak (worn)
 l - a +0 shield
 m - a +2 robe of fire resistance (worn)
Wands
 c - a wand of flame (22/48)
Scrolls
 d - 2 scrolls of teleportation
 g - 3 scrolls of enchant weapon
 q - a scroll of recharging
Potions
 a - a potion of heal wounds
 e - a potion of brilliance {unknown}
 i - a potion of curing
 j - a potion of cancellation {unknown}
Comestibles
 b - 3 meat rations
 f - a slice of pizza
 k - a royal jelly
 n - 2 beef jerkies


   Skills:
 + Level 6.9 Fighting
 + Level 5.7 Dodging
 - Level 2.1 Stealth
 + Level 7.8 Unarmed Combat


You had 7 spell levels left.
You didn't know any spells.

Dungeon Overview and Level Annotations

Branches:
Dungeon (6/15)
 Temple: D:4-7

Altars:
Dithmenos
Trog
Vehumet


Innate Abilities, Weirdness & Mutations

Your body is rotting away.
You thrive on raw meat.
You are immune to poison.
You have sharp fingernails.
You are carnivorous and can eat meat at any time.
Your flesh is cold resistant. (rC+)
You are immune to negative energy. (rN+++)
You regenerate slowly when monsters are visible.
You are immune to unholy pain and torment.
You can survive without breathing.


Message History

* * * LOW HITPOINT WARNING * * *
You barely miss the centaur. The centaur hits you with a shortbow!
* * * LOW HITPOINT WARNING * * *
You scratch the centaur but do no damage.
The centaur hits you with a shortbow.
* * * LOW HITPOINT WARNING * * *
Unknown command.
You claw the centaur!
The centaur is heavily wounded.
The centaur misses you.
You barely miss the centaur.
The centaur is heavily wounded.
The centaur hits you with a shortbow.
* * * LOW HITPOINT WARNING * * *
The centaur completely misses you.
You scratch the centaur.
The centaur is severely wounded.
You feel your flesh rotting away. The centaur hits you with a shortbow!
You die...

# . #.#?.. .. .. .
#.....#.##. .
......... . .......
.. . .. ..#.. .#
....#.###.#.###.#
....#.....#(...)# #
#......#...@.#.. .
#......#.###c#!###$#
##+
#$.....#.....#...s.#
..#...
#.......#..).s#
+.#...
##......#.###?# #
#..# ##.....#.. # #
#..# #..#.....# #
#..# ###........# #
#..###...#......#


You could see a centaur.

Vanquished Creatures
  Sigmund (D:5)
  A water moccasin (D:6)
  3 ogres
  2 centaurs
  2 scorpions
  A howler monkey (D:5)
  A hound (D:5)
  A quasit (D:6)
  2 orc priests
  A jelly (D:6)
  2 orc wizards (D:5)
  A bullfrog skeleton (D:5)
  A worker ant (D:5)
  7 gnolls
  9 adders
  A shadow imp (D:6)
  2 oozes
  3 worms
  2 dart slugs (D:2)
  4 leopard geckos
  8 orcs
  2 ball pythons
  3 bats
  5 giant cockroaches
  6 goblins
  6 hobgoblins
  11 jackals
  3 quokkas
  4 frilled lizards
  5 kobolds
  7 rats
107 creatures vanquished.

Notes
Turn   | Place    | Note
-------+----------+-------------------------------------------
     0 | D:1      | inmateoo the Ghoul Monk began the quest for the Orb.
     0 | D:1      | Reached XP level 1. HP: 19/19 MP: 0/0
    91 | D:1      | Reached XP level 2. HP: 22/26 MP: 1/1
    95 | D:1      | Reached skill level 4 in Unarmed Combat
   511 | D:1      | Reached XP level 3. HP: 26/30 MP: 2/2
   831 | D:2      | Found a radiant altar of Vehumet.
   874 | D:2      | Reached skill level 5 in Unarmed Combat
   953 | D:2      | Reached XP level 4. HP: 37/38 MP: 3/3
  1127 | D:3      | Found a shadowy altar of Dithmenos.
  1169 | D:3      | Noticed an ogre
  1733 | D:2      | Reached XP level 5. HP: 37/46 MP: 4/4
  2257 | D:3      | Reached XP level 6. HP: 28/53 MP: 5/5
  2420 | D:3      | Reached skill level 6 in Unarmed Combat
  2668 | D:4      | Reached skill level 5 in Fighting
  2673 | D:4      | HP: 1/56 [ogre/giant club (18)]
  2674 | D:4      | Reached XP level 7. HP: 2/61 MP: 6/6
  2944 | D:5      | Entered Level 5 of the Dungeon
  2957 | D:5      | Found a bloodstained altar of Trog.
  3739 | D:5      | Reached skill level 7 in Unarmed Combat
  3983 | D:5      | Noticed Sigmund
  3995 | D:5      | Killed Sigmund
  3995 | D:5      | Reached skill level 5 in Dodging
  3995 | D:5      | Reached XP level 8. HP: 49/71 MP: 7/7
  4277 | D:6      | HP: 2/71 [centaur/shortbow (6)]
  4278 | D:6      | Mangled by a centaur

Vault maps used:
D:1:      sevenhm_arrival_forest_fort_small_1, minmay_domino_2
D:2:      nicolae_overflow_crystal_walls, minmay_misc_feat_five
D:3:      overflow_temple_1_default
D:4:      first_bread
D:5:      kennysheep_mini_moat, uniq_sigmund
D:6:      hangedman_cross_stitches, old_standard_altar, minivault_11,
          uniq_crazy_yiuf_cottage

Skill      XL: |  1  2  3  4  5  6  7 |
---------------+----------------------+-----
Unarmed Combat | 4 5 6 7 |  7.8
Dodging        | 3 4 5 |  5.7
Fighting       | 4 5 6 |  6.9
Stealth        | |  2.1

Action                   |  1- 3 |  4- 6 |  7- 9 || total
-------------------------+-------+-------+-------++-------
Melee: Unarmed           |    90 |   172 |   136 ||   398
       Punch             |     2 |     3 |     5 ||    10
  Use: Scroll            |       |    10 |     5 ||    15
       Potion            |       |       |     2 ||     2
 Stab: Sleeping          |     4 |     6 |       ||    10
  Eat: Chunk             |     8 |    25 |    21 ||    54
Armor: Robe              |    20 |    27 |    11 ||    58
       Ring mail         |       |     2 |    22 ||    24
Dodge: Dodged            |    39 |   121 |    63 ||   223
